 Dungeon Crawl Stone Soup version 0.22.0-38-g04b72b8 (webtiles) character file.

9910 Lew the Blocker (level 11, -2/89 HPs)
             Began as a Gnoll Fighter on Aug 28, 2018.
             Was a High Priest of Okawaru.
             Slain by a vampire mosquito (7 damage)
             ... on level 12 of the Dungeon.
             The game lasted 00:21:05 (8747 turns).

Lew the Blocker (Gnoll Fighter)                     Turns: 8747, Time: 00:21:06

Health: -2/89      AC:  8    Str: 22    XL:     11   Next: 53%
Magic:  20/20      EV: 14    Int: 10    God:    Okawaru [*****.]
Gold:   584        SH: 12    Dex: 15    Spells: 21/22 levels left

rFire    + + .     SeeInvis .   G - +9 hand axe "Saos" {drain, rC+}
rCold    + + .     Gourm    .   p - +0 shield
rNeg     . . .     Faith    +   y - +1 swamp dragon scales
rPois    +         Spirit   .   (no helmet)
rElec    .         Reflect  .   j - scarf {rC+ rF+}
rCorr    .         Harm     .   x - +0 pair of gloves
MR       .....                  (no boots)
Stlth    ++++......             A - amulet of faith
HPRegen  0.24/turn              m - ring of protection from fire
MPRegen  0.17/turn              l - ring of stealth

@: corroded
A: distributed training, fangs 1, strong nose
a: Heroism, Finesse, Renounce Religion


You were on level 12 of the Dungeon.
You worshipped Okawaru.
Okawaru was extremely pleased with you.
You were not hungry.

You visited 2 branches of the dungeon, and saw 13 of its levels.

You collected 638 gold pieces.
You spent 54 gold pieces at shops.

Inventory:

Hand Weapons
 a - a +2 war axe
 q - a +4 rapier of speed
 D - the +1 mace of an ossuary {pain, *Noise +Blink rPois rF++}
   (You found it on level 9 of the Dungeon)

   In the hands of one skilled in necromantic magic, it inflicts extra damage on
   living creatures.
   It greatly protects you from fire.
   It protects you from poison.
   It lets you blink.
   It may make noises in combat.
 G - the +9 hand axe "Saos" (weapon) {drain, rC+}
   (You found it on level 10 of the Dungeon)

   A truly terrible weapon, it drains the life of those it strikes.
   It protects you from cold.
Missiles
 z - 5 tomahawks of dispersal (quivered)
Armour
 j - a scarf of resistance (worn)
 n - a +0 large shield
 p - a +0 shield (worn)
 x - a +0 pair of gloves (worn)
 y - +1 swamp dragon scales (worn)
Jewellery
 l - a ring of stealth (right hand)
 m - a ring of protection from fire (left hand)
 A - an amulet of faith (around neck)
 B - a +4 amulet of reflection {unknown}
 C - an uncursed ring of magical power {unknown}
Wands
 i - a wand of iceblast (8)
 r - a wand of acid (12)
 u - a wand of scattershot (6)
Scrolls
 c - a scroll of amnesia
 e - 4 scrolls of remove curse
 g - a scroll of immolation
 o - a scroll of teleportation
 H - a scroll of brand weapon {unknown}
Potions
 b - a potion of ambrosia {unknown}
 d - a potion of might
 h - 4 potions of curing
 k - a potion of flight
 s - 2 potions of lignification
 t - 2 potions of resistance
 v - 2 potions of agility
 E - a potion of haste {unknown}
 F - a potion of brilliance {unknown}
Comestibles
 f - 18 rations
 I - 3 chunks of flesh


   Skills:
 + Level 9.1 Fighting
 + Level 6.2 Short Blades
 + Level 6.2 Long Blades
 + Level 7.8 Axes
 + Level 6.2 Maces & Flails
 + Level 6.2 Polearms
 + Level 6.2 Staves
 + Level 6.2 Slings
 + Level 6.2 Bows
 + Level 6.2 Crossbows
 + Level 6.2 Throwing
 + Level 9.1 Armour
 + Level 6.2 Dodging
 + Level 6.2 Stealth
 + Level 9.1 Shields
 + Level 6.2 Unarmed Combat
 + Level 6.2 Spellcasting
 + Level 5.2 Conjurations
 + Level 5.2 Hexes
 + Level 5.2 Charms
 + Level 5.2 Summonings
 + Level 5.2 Necromancy
 + Level 5.2 Translocations
 + Level 5.2 Transmutations
 + Level 5.2 Fire Magic
 + Level 5.2 Ice Magic
 + Level 5.2 Air Magic
 + Level 5.2 Earth Magic
 + Level 5.2 Poison Magic
 + Level 6.9 Invocations
 + Level 6.2 Evocations


You had 21 spell levels left.
You knew the following spells:

 Your Spells              Type           Power        Failure   Level  Hunger
a - Apportation           Tloc           ##....       8%          1    None

Your spell library contained the following spells:

 Spells                   Type           Power        Failure   Level  Hunger
 Animate Skeleton         Necr           N/A          8%          1    None
 Beastly Appendage        Tmut           ##....       8%          1    None
 Confusing Touch          Hex            ##....       8%          1    None
 Summon Small Mammal      Summ           ##..         8%          1    None
 Sticks to Snakes         Tmut           ##......     12%         2    ##.....
 Spider Form              Tmut/Pois      ##........   22%         3    ###....
 Ice Form                 Ice/Tmut       ##......     58%         4    ####...
 Blade Hands              Tmut           ##........   91%         5    ######.
 Bolt of Magma            Conj/Fire/Erth ##........   91%         5    ######.
 Iskenderun's Battlesphe  Conj/Chrm      ##......     91%         5    ######.
 Venom Bolt               Conj/Pois      ##........   91%         5    ######.
 Iron Shot                Conj/Erth      ##........   100%        6    #######
 Orb of Destruction       Conj           ##........   100%        7    #######
 Spellforged Servitor     Conj/Summ      ##........   100%        7    #######


Dungeon Overview and Level Annotations

Branches:
Dungeon (12/15)            Temple (1/1) D:7             Orc (0/2) D:9
   Lair: D:8-11

Altars:
Ashenzari
Cheibriados
Dithmenos
Elyvilon
Fedhas
Gozag
Hepliaklqana
Kikubaaqudgha
Makhleb
Nemelex Xobeh
Okawaru
Qazlal
Ru
Sif Muna
Trog
Uskayaw
Vehumet
Wu Jian
Xom
Yredelemnul
Zin
The Shining One

Shops:
D:6 *[[


Innate Abilities, Weirdness & Mutations

Your experience applies equally to all skills.
You have very sharp teeth.
Your uncanny sense of smell can sniff out nearby items.


Message History

You block the vampire mosquito's attack.
The vampire mosquito barely misses you. x2
You block the vampire mosquito's attack.
The vampire mosquito bites you!
* * * LOW HITPOINT WARNING * * *
The vampire mosquito draws strength from your injuries!
The vampire mosquito bites you but does no damage.
You hit the vampire mosquito.
The vampire mosquito is lightly damaged.
You slash the vampire mosquito! You hit the orc. You hit the vampire mosquito.
The vampire mosquito bites you but does no damage.
You block the vampire mosquito's attack. x2
The orc hits you but does no damage. The vampire mosquito bites you.
* * * LOW HITPOINT WARNING * * *
The vampire mosquito draws strength from your injuries!
The vampire mosquito bites you.
* * * LOW HITPOINT WARNING * * *
The vampire mosquito draws strength from your injuries!
The vampire mosquito bites you!
You die...

###############
......o@.......
....?.yyy......
.......o.......
...............
....≈..........
...≈≈≈.........
.§§§≈≈≈........
.§§§≈≈§§.......


You could see 3 vampire mosquitoes and 2 orcs.

Vanquished Creatures
  A dancing weapon (D:8)
  2 two-headed ogres
  The ghost of Akransas the Quickloader, a novice KoHu of Okawaru (D:8)
  A gargoyle (D:12)
  A troll (D:9)
  2 hippogriffs
  A yak (D:5)
  2 wyverns (D:10)
  Eustachio (D:5)
  Grum (D:8)
  2 hungry ghosts
  6 orc warriors
  3 sky beasts
  2 ice beasts
  3 black bears
  2 necrophages
  2 phantoms
  11 ogres
  4 wolves (D:8)
  A centaur (D:8)
  6 big kobolds
  5 bullfrogs
  A wyvern zombie (D:8)
  5 scorpions
  7 howler monkeys
  A bullfrog zombie (D:5)
  3 crimson imps
  9 hounds
  2 jellies
  A quasit (D:8)
  5 orc priests
  11 orc wizards
  A bullfrog skeleton (D:6)
  2 iguanas
  5 worker ants
  A hound zombie (D:7)
  2 hound skeletons
  A worker ant zombie (D:7)
  6 adders
  4 gnolls (D:2)
  4 shadow imps
  2 oozes (D:2)
  An adder skeleton (D:4)
  An adder zombie (D:8)
  A dart slug (D:1)
  3 leopard geckos
  29 orcs
  A ball python (D:2)
  5 giant cockroaches
  2 goblins
  6 hobgoblins
  11 jackals
  5 quokkas
  4 bats
  4 frilled lizards
  40 kobolds
  A leopard gecko zombie (D:6)
  A quokka zombie (D:7)
  3 rats
251 creatures vanquished.

Vanquished Creatures (others)
  An adder (D:10)
1 creature vanquished.

Grand Total: 252 creatures vanquished

Notes
Turn   | Place    | Note
-------+----------+-------------------------------------------
     0 | D:1      | Lew the Gnoll Fighter began the quest for the Orb.
     0 | D:1      | Reached XP level 1. HP: 23/23 MP: 1/1
    55 | D:1      | Reached XP level 2. HP: 26/29 MP: 2/2
   455 | D:2      | Found a hazy altar of Hepliaklqana.
   485 | D:2      | Reached XP level 3. HP: 35/35 MP: 3/3
   530 | D:2      | Reached skill level 1 in Invocations
   531 | D:2      | Reached skill level 1 in Short Blades
   531 | D:2      | Reached skill level 1 in Long Blades
   531 | D:2      | Reached skill level 1 in Maces & Flails
   531 | D:2      | Reached skill level 1 in Polearms
   531 | D:2      | Reached skill level 1 in Staves
   531 | D:2      | Reached skill level 1 in Slings
   531 | D:2      | Reached skill level 1 in Bows
   531 | D:2      | Reached skill level 1 in Crossbows
   531 | D:2      | Reached skill level 1 in Throwing
   531 | D:2      | Reached skill level 1 in Dodging
   531 | D:2      | Reached skill level 1 in Stealth
   531 | D:2      | Reached skill level 1 in Unarmed Combat
   531 | D:2      | Reached skill level 1 in Spellcasting
   531 | D:2      | Reached skill level 1 in Evocations
   531 | D:2      | Reached XP level 4. HP: 25/41 MP: 3/5
   725 | D:2      | Found a stormy altar of Qazlal.
  1408 | D:4      | Reached skill level 1 in Conjurations
  1408 | D:4      | Reached skill level 1 in Hexes
  1408 | D:4      | Reached skill level 1 in Charms
  1408 | D:4      | Reached skill level 1 in Summonings
  1408 | D:4      | Reached skill level 1 in Necromancy
  1408 | D:4      | Reached skill level 1 in Translocations
  1408 | D:4      | Reached skill level 1 in Transmutations
  1408 | D:4      | Reached skill level 1 in Fire Magic
  1408 | D:4      | Reached skill level 1 in Ice Magic
  1408 | D:4      | Reached skill level 1 in Air Magic
  1408 | D:4      | Reached skill level 1 in Earth Magic
  1408 | D:4      | Reached skill level 1 in Poison Magic
  1451 | D:4      | Reached XP level 5. HP: 42/47 MP: 6/6
  1606 | D:4      | Noticed an ogre
  1614 | D:4      | Killed an ogre
  1614 | D:4      | Reached XP level 6. HP: 21/53 MP: 8/8
  1972 | D:4      | Found an ancient bone altar of Kikubaaqudgha.
  2141 | D:5      | Entered Level 5 of the Dungeon
  2166 | D:5      | Noticed a phantom
  2190 | D:5      | Killed a phantom
  2190 | D:5      | Reached skill level 5 in Axes
  2567 | D:5      | Reached XP level 7. HP: 58/59 MP: 10/10
  2729 | D:5      | Noticed a yak
  2743 | D:5      | Killed a yak
  3146 | D:5      | Noticed Eustachio
  3152 | D:5      | Reached XP level 8. HP: 36/67 MP: 12/12
  3667 | D:5      | Found a burning altar of Makhleb.
  3688 | D:5      | Killed Eustachio
  3989 | D:6      | Found Myulomm's General Store.
  4131 | D:6      | Found Coropteudgh's Armour Shop.
  4143 | D:6      | Bought a +0 pair of gloves for 54 gold pieces
  4275 | D:6      | Found a deep blue altar of Sif Muna.
  4316 | D:6      | Found Biokhug's Armour Emporium.
  4489 | D:7      | Reached XP level 9. HP: 72/72 MP: 14/14
  4887 | D:7      | Found a blossoming altar of Fedhas.
  5217 | D:7      | Found a staircase to the Ecumenical Temple.
  5431 | Temple   | Entered the Ecumenical Temple
  5456 | Temple   | Became a worshipper of Warmaster Okawaru
  5581 | D:8      | Found a shimmering altar of Xom.
  5694 | D:8      | Noticed a two-headed ogre
  5696 | D:8      | Reached * piety under Okawaru
  5708 | D:8      | Reached skill level 5 in Invocations
  5723 | D:8      | Killed a two-headed ogre
  5723 | D:8      | Reached ** piety under Okawaru
  5723 | D:8      | Reached XP level 10. HP: 36/80 MP: 15/17
  5730 | D:8      | Noticed Grum
  5747 | D:8      | Reached skill level 5 in Short Blades
  5747 | D:8      | Reached skill level 5 in Long Blades
  5747 | D:8      | Reached skill level 5 in Maces & Flails
  5747 | D:8      | Reached skill level 5 in Polearms
  5747 | D:8      | Reached skill level 5 in Staves
  5747 | D:8      | Reached skill level 5 in Slings
  5747 | D:8      | Reached skill level 5 in Bows
  5747 | D:8      | Reached skill level 5 in Crossbows
  5747 | D:8      | Reached skill level 5 in Throwing
  5747 | D:8      | Reached skill level 5 in Dodging
  5747 | D:8      | Reached skill level 5 in Stealth
  5747 | D:8      | Reached skill level 5 in Unarmed Combat
  5747 | D:8      | Reached skill level 5 in Spellcasting
  5747 | D:8      | Reached skill level 5 in Evocations
  5761 | D:8      | Killed Grum
  6013 | D:8      | Found a runed door.
  6013 | D:8      | Found a shimmering altar of Xom.
  6013 | D:8      | Noticed Akransas's ghost (novice KoHu)
  6026 | D:8      | Noticed a falchion of chaos
  6054 | D:8      | Reached *** piety under Okawaru
  6540 | D:8      | Paralysed by a falchion of chaos for 7 turns
  6554 | D:8      | Killed Akransas's ghost
  6568 | D:8      | Killed a falchion of chaos
  6568 | D:8      | Reached **** piety under Okawaru
  6900 | D:9      | Noticed a two-headed ogre
  6924 | D:9      | Killed a two-headed ogre
  6924 | D:9      | Reached XP level 11. HP: 64/87 MP: 19/19
  6947 | D:9      | Got a slimy mace
  6948 | D:9      | Identified the +1 mace of an ossuary {pain, *Noise +Blink rPois rF++} (You found it on level 9 of the Dungeon)
  7224 | D:9      | Found a staircase to the Orcish Mines.
  7478 | D:10     | Entered Level 10 of the Dungeon
  7481 | D:10     | Got a smoking hand axe
  7482 | D:10     | Identified the +9 hand axe "Saos" {drain, rC+} (You found it on level 10 of the Dungeon)
  7503 | D:10     | Reached ***** piety under Okawaru
  7745 | D:10     | Reached skill level 5 in Conjurations
  7745 | D:10     | Reached skill level 5 in Hexes
  7745 | D:10     | Reached skill level 5 in Charms
  7745 | D:10     | Reached skill level 5 in Summonings
  7745 | D:10     | Reached skill level 5 in Necromancy
  7745 | D:10     | Reached skill level 5 in Translocations
  7745 | D:10     | Reached skill level 5 in Transmutations
  7745 | D:10     | Reached skill level 5 in Fire Magic
  7745 | D:10     | Reached skill level 5 in Ice Magic
  7745 | D:10     | Reached skill level 5 in Air Magic
  7745 | D:10     | Reached skill level 5 in Earth Magic
  7745 | D:10     | Reached skill level 5 in Poison Magic
  7832 | D:10     | Received a gift from Okawaru
  8680 | D:10     | Learned a level 1 spell: Apportation
  8723 | D:11     | Noticed a soul eater
  8747 | D:12     | Slain by a vampire mosquito

Skill      XL: |  1  2  3  4  5  6  7  8  9 10 11 |
---------------+----------------------------------+-----
Invocations    | 1 2 3 4 5 6 |  6.9
Short Blades   | 1 2 3 4 5 6 |  6.2
Long Blades    | 1 2 3 4 5 6 |  6.2
Maces & Flails | 1 2 3 4 5 6 |  6.2
Polearms       | 1 2 3 4 5 6 |  6.2
Staves         | 1 2 3 4 5 6 |  6.2
Slings         | 1 2 3 4 5 6 |  6.2
Bows           | 1 2 3 4 5 6 |  6.2
Crossbows      | 1 2 3 4 5 6 |  6.2
Throwing       | 1 2 3 4 5 6 |  6.2
Dodging        | 1 2 3 4 5 6 |  6.2
Stealth        | 1 2 3 4 5 6 |  6.2
Unarmed Combat | 1 2 3 4 5 6 |  6.2
Spellcasting   | 1 2 3 4 5 6 |  6.2
Evocations     | 1 2 3 4 5 6 |  6.2
Conjurations   | 1 2 3 4 5 |  5.2
Hexes          | 1 2 3 4 5 |  5.2
Charms         | 1 2 3 4 5 |  5.2
Summonings     | 1 2 3 4 5 |  5.2
Necromancy     | 1 2 3 4 5 |  5.2
Translocations | 1 2 3 4 5 |  5.2
Transmutations | 1 2 3 4 5 |  5.2
Fire Magic     | 1 2 3 4 5 |  5.2
Ice Magic      | 1 2 3 4 5 |  5.2
Air Magic      | 1 2 3 4 5 |  5.2
Earth Magic    | 1 2 3 4 5 |  5.2
Poison Magic   | 1 2 3 4 5 |  5.2
Axes           | 5 6 7 |  7.8
Fighting       | 7 8 9 |  9.1
Armour         | 7 8 9 |  9.1
Shields        | 7 8 9 |  9.1

Action                   |  1- 3 |  4- 6 |  7- 9 | 10-12 || total
-------------------------+-------+-------+-------+-------++-------
Melee: War axe           |    60 |   102 |    62 |       ||   224
       Bite              |     7 |    18 |    43 |    46 ||   114
       Rapier            |       |       |   269 |   237 ||   506
       Hand axe          |       |       |       |   128 ||   128
Evoke: Wand              |       |       |     2 |       ||     2
  Use: Scroll            |       |    14 |     4 |     1 ||    19
       Potion            |       |     3 |     4 |     5 ||    12
 Stab: Sleeping          |       |     1 |     7 |     9 ||    17
       Invisible         |       |       |       |     4 ||     4
  Eat: Chunk             |       |     5 |     6 |     3 ||    14
       Ration            |       |       |     2 |     2 ||     4
Armor: Scale mail        |    28 |    36 |       |       ||    64
       Swamp dragon scal |       |    10 |   134 |    97 ||   241
Dodge: Dodged            |    29 |    46 |   132 |   150 ||   357
Block: Shield            |    50 |    81 |   195 |   212 ||   538
